 Dungeon Crawl Stone Soup version 0.32-a0-886-g41c5271027 (webtiles) character file.

Game seed: 4160469198328546496

618 Ruich the Covert (level 7, -7/33 HPs)
             Began as a Spriggan Brigand on Mar 31, 2024.
             Was a Follower of Dithmenos.
             Mangled by a wyvern (17 damage)
             ... on level 5 of the Dungeon on Apr 3, 2024.
             The game lasted 00:11:56 (4178 turns).

Ruich the Covert (Spriggan Brigand)                 Turns: 4178, Time: 00:11:57

Health: -7/33      AC:  3    Str:  7    XL:     7   Next: 21%
Magic:  9/9        EV: 15    Int: 13    God:    Dithmenos [*.....]
Gold:   174        SH:  0    Dex: 18    Spells: 7/7 levels left

rFire   . . .        l - +2 dagger (venom)
rCold   . . .        (no shield)
rNeg    . . .        b - +0 robe
rPois   .            (helmet restricted)
rElec   .            c - +0 cloak
rCorr   +            (gloves unavailable)
SInv    +            (boots unavailable)
Will    +....        (no amulet)
Stlth   ++++++       h - ring of flight
HPRegen 0.25/turn    r - ring of resist corrosion
MPRegen 0.11/turn

%: no passive effects
@: flying, wreathed by umbra, studying Stealth, very quick
A: very small, no large weapons, unfitting armour, see invisible, speed 3
a: Renounce Religion


You were on level 5 of the Dungeon.
You worshipped Dithmenos.
Dithmenos was aware of your devotion.
You visited 1 branch of the dungeon, and saw 5 of its levels.

You collected 174 gold pieces.


Innate Abilities, Weirdness & Mutations

You are very small and have problems with some larger weapons.
You are too small for most types of armour.
You have supernaturally acute eyesight. (SInv)
You cover ground extremely quickly. (Speed+++)


   Skills:
 - Level 1.5 Fighting
 + Level 5.3 Short Blades
 - Level 2.0 Throwing
 - Level 1.3 Dodging
 * Level 12.0 Stealth
 - Level 0.7 Spellcasting


You had 7 spell levels left.
You didn't know any spells.
Your spell library contained the following spells:

 Spells                   Type           Power      Damage    Failure   Level
 Kiss of Death            Conj/Necr      0%         2d5       28%         1
 Sting                    Conj/Alch      0%         1d3       28%         1
 Mercury Vapours          Alch/Air       0%         N/A       41%         2
 Confusing Touch          Hex            0%         N/A       65%         3
 Dispel Undead            Necr           0%         3d6       96%         4
 Olgreb's Toxic Radiance  Alch           0%         N/A       96%         4

Inventory:

Hand Weapons
 l - a +2 dagger of venom (weapon)
 m - a +0 rapier
Missiles
 d - 4 poisoned darts (quivered)
 e - a curare-tipped dart {=f}
Armour
 b - a +0 robe (worn)
 c - a +0 cloak (worn)
Magical Staves
 n - a staff of fire {!a}
Jewellery
 h - a ring of flight (left hand)
 i - a +6 ring of intelligence
 r - a ring of resist corrosion (right hand)
Scrolls
 k - 3 scrolls of fear
Potions
 f - a potion of might
 g - 2 potions of curing {@q1}
 j - a potion of magic
 o - a potion of lignification
 p - a potion of brilliance

Dungeon Overview and Level Annotations

Branches:
Dungeon (5/15) Zot: 26823
 Temple: D:4-7

Altars:
Cheibriados
Dithmenos
Elyvilon
Gozag
Nemelex Xobeh
Qazlal
Xom
Yredelemnul
The Shining One

Shops:
D:2

( #...... .# #(....#
######## K.#
#.....###......## ..#
#...........(...#.K.##.
#...(...........'.)....
#...............#......
#........(......# .....
#....<).........# ....
#........k@.....# ...
#...............# ..
##########.....## .
#######


You could see a wyvern (very poisoned).


Message History

Unknown command.
You barely miss the wyvern.
The wyvern is lightly wounded.
The wyvern barely misses you.
You barely miss the wyvern.
The wyvern is lightly wounded.
The wyvern bites you!
You hit the wyvern.
The wyvern is lightly wounded.
The wyvern misses you. The wyvern bites you!
* * * LOW HITPOINT WARNING * * *
You barely miss the wyvern.
The wyvern is lightly wounded.
The wyvern barely misses you.
You hit the wyvern.
The wyvern looks even sicker.
The wyvern is lightly wounded.
The wyvern closely misses you.
You hit the wyvern.
The wyvern looks as sick as possible!
The wyvern is moderately wounded.
The wyvern bites you!
* * * LOW HITPOINT WARNING * * *
You hit the wyvern but do no damage.
The wyvern is moderately wounded.
The wyvern misses you.
You barely miss the wyvern.
The wyvern is moderately wounded.
The wyvern completely misses you. The wyvern attacks as it pursues you!
The wyvern bites you!
Ouch! That really hurt!
You die...

Skill      XL: |  1  2  3  4  5  6  7 |
---------------+----------------------+-----
Stealth        | 6 7 8 9 11 12 | 12.0
Short Blades   | 3 4 5 |  5.3
Fighting       | |  1.5
Throwing       | |  2.0
Dodging        | |  1.3
Spellcasting   | |  0.7

Action                     |  1- 3 |  4- 6 |  7- 9 || total
---------------------------+-------+-------+-------++-------
  Melee: Dagger            |   116 |   181 |    15 ||   312
  Throw: Dart              |     1 |     7 |     2 ||    10
    Use: Scroll            |       |    15 |       ||    15
   Stab: Sleeping          |     9 |     8 |       ||    17
 Armour: Robe              |    37 |    61 |     7 ||   105
  Dodge: Dodged            |    61 |   119 |    12 ||   192

Levels and vault maps discovered:
D:1:      matt_arrival_diagonals, layout_basic
D:2:      layout_loops_cross, serial_shops, shop
D:3:      layout_basic, lemuel_crystal_altar, mainiacjoe_overflow_tiny_flanked,
          mainiacjoe_overflow_surrounded_room, lemuel_round_altar,
          chequers_serial_rivers_small_3
D:4:      dreamdust_elfheim, layout_basic, lemuel_crystal_altar,
          mainiacjoe_overflow_catch_the_wave, general_overflow_altar,
          nemelex_diamond_rough_becter, lemuel_flame_loot_1
D:5:      layout_gridville, mainiacjoe_overflow_alcove_4, amcnicky_altar_gilded,
          minmay_ogre_servants

Notes
Turn   | Place    | Note
-------+----------+-------------------------------------------
     0 | D:1      | Ruich the Spriggan Brigand began the quest for the Orb.
     0 | D:1      | Reached XP level 1. HP: 10/10 MP: 2/2
     8 | D:1      | Upgraded the game from 0.32-a0-872-g59262bdc9b to
                  | 0.32-a0-886-g41c5271027
    58 | D:1      | Reached skill level 6 in Stealth
   244 | D:1      | Reached XP level 2. HP: 14/14 MP: 3/3
   628 | D:1      | Reached skill level 7 in Stealth
   666 | D:1      | Reached XP level 3. HP: 13/18 MP: 4/4
   964 | D:2      | Reached skill level 3 in Short Blades
  1396 | D:2      | Found Buzuga Runt's Antique Weapon Emporium.
  1514 | D:2      | Reached XP level 4. HP: 21/22 MP: 4/6
  1793 | D:3      | Found an opulent altar of Gozag.
  1831 | D:3      | Found a shimmering altar of Xom.
  1929 | D:3      | Found a shadowy altar of Dithmenos.
  1938 | D:3      | Became a worshipper of Dithmenos the Shadowed
  2060 | D:3      | Reached skill level 8 in Stealth
  2318 | D:3      | Found a white marble altar of Elyvilon.
  2723 | D:3      | Reached XP level 5. HP: 18/25 MP: 7/7
  2787 | D:3      | Reached skill level 9 in Stealth
  2837 | D:3      | Reached skill level 4 in Short Blades
  3158 | D:4      | Found a snail-covered altar of Cheibriados.
  3173 | D:4      | Found a stormy altar of Qazlal.
  3272 | D:4      | Found a sparkling altar of Nemelex Xobeh.
  3355 | D:4      | Reached XP level 6. HP: 30/30 MP: 8/8
  3426 | D:4      | Noticed Duvessa
  3427 | D:4      | Noticed Dowan
  3430 | D:4      | Killed Duvessa
  3431 | D:4      | Reached skill level 10 in Stealth
  3441 | D:4      | Killed Dowan
  3507 | D:4      | Reached * piety under Dithmenos
  3676 | D:4      | Found a glowing golden altar of the Shining One.
  3698 | D:4      | Found a basalt altar of Yredelemnul.
  3972 | D:4      | Identified a scroll of acquirement
  3973 | D:4      | Acquired a manual of Stealth
  3979 | D:5      | Entered Level 5 of the Dungeon
  4023 | D:4      | Reached skill level 5 in Short Blades
  4072 | D:4      | Reached skill level 11 in Stealth
  4072 | D:4      | Reached XP level 7. HP: 20/33 MP: 9/9
  4131 | D:5      | Reached skill level 12 in Stealth
  4162 | D:5      | Noticed a wyvern
  4178 | D:5      | Mangled by a wyvern

Vanquished Creatures
  Duvessa (D:4)
  A kobold brigand (D:4)
  A bullfrog (D:5)
  Dowan (D:4)
  A bombardier beetle (D:3)
  4 hounds
  2 jellies
  4 adders
  3 dart slugs
  2 ribbon worms
  3 orcs
  5 ball pythons
  5 endoplasms
  4 giant cockroaches
  9 hobgoblins
  4 jackals (D:4)
  5 quokkas
  2 training dummies (D:4)
  4 bats
  6 frilled lizards
  6 goblins
  9 kobolds
  3 rats
85 creatures vanquished.

Vanquished Creatures (others)
  A kobold (D:4)
1 creature vanquished.

Grand Total: 86 creatures vanquished

Table legend: (Time is in decaauts)
 A = Elapsed time spent in this place.
 B = Non-inter-level travel time spent in this place.
 C = Inter-level travel time spent in this place.
 D = Time resting spent in this place.
 E = Time spent auto-exploring this place.
 F = Levels seen in this place.
 G = Mean time per level.
                   A        B        C        D        E       F      G
               +--------+--------+--------+--------+--------+-----+--------+
         Total |   3057 |   3004 |     53 |    803 |   1336 |   5 |  611.4 |
       Dungeon |   3057 |   3004 |     53 |    803 |   1336 |   5 |  611.4 |
               +--------+--------+--------+--------+--------+-----+--------+

Top non-repeatable levels by time:
     D:3: 979 daAuts
     D:4: 772 daAuts
     D:1: 750 daAuts
     D:2: 471 daAuts
     D:5: 83 daAuts

Table legend:
 A = Non-vault XP
 B = Vault XP
 C = Vault XP percentage of total XP
 D = Non-vault monster count
 E = Vault monster count
 F = Vault count percentage of total count
                 A         B        C        D         E       F
            +---------+---------+-------+---------+---------+-------
      Total |     672 |     211 |  23.9 |      81 |       4 |   4.7
            +---------+---------+-------+---------+---------+-------
        D:1 |      46 |       0 |   0.0 |      25 |       0 |   0.0
        D:2 |      57 |       0 |   0.0 |      19 |       0 |   0.0
        D:3 |     215 |       0 |   0.0 |      19 |       0 |   0.0
        D:4 |     268 |     211 |  44.1 |      16 |       4 |  20.0
        D:5 |      86 |       0 |   0.0 |       2 |       0 |   0.0
            +---------+---------+-------+---------+---------+-------
